[ AOE2 MATCH · #480604115 ]
Team RMChinese vs Persians
[ REPLAY ANALYSIS · EXTRACTED FROM THE RECORDED GAME ]
Feudal
10:40
Castle
25:59
Imperial
—
| APM avg | 51.1 |
| APM peak | 83 |
| eAPM avg | 26.6 |
| Villagers / military | 88 / 83 |
Focus
⚔️ 18.0% · 🌾 82.0%
Archer ×38 · Skirmisher ×27 · Knight ×16 · Spearman ×2
Feudal
10:39
Castle
26:23
Imperial
—
| APM avg | 66.2 |
| APM peak | 112 |
| eAPM avg | 23.8 |
| Villagers / military | 60 / 55 |
Focus
⚔️ 32.7% · 🌾 67.3%
Militia ×21 · Archer ×12 · Skirmisher ×10 · Spearman ×9 · Battering Ram ×3
Feudal
10:58
Castle
35:02
Imperial
—
| APM avg | 32.8 |
| APM peak | 54 |
| eAPM avg | 15.3 |
| Villagers / military | 54 / 40 |
Focus
⚔️ 19.7% · 🌾 80.3%
Militia ×22 · Spearman ×18
Feudal
9:05
Castle
21:59
Imperial
—
| APM avg | 38.7 |
| APM peak | 65 |
| eAPM avg | 15.6 |
| Villagers / military | 63 / 30 |
Focus
⚔️ 16.1% · 🌾 83.9%
Knight ×17 · Scout Cavalry ×4 · Archer ×4 · Scorpion ×2 · Skirmisher ×1 · Mangonel ×1
Match map
Initial resources + every placement click. Lines = walls · curves = elevation contours. ◆ gold · ⬟ stone · ● berries · ✦ relic · ◌ wall gap
Your base· ✓ Closed at 25:59 · 24t walls · 2 gate(s)
f.correakusjanovic's base· Open — 5t gap
Spectreassassin's base· Open — 1t gap
sebacorreakusjanovic's base· Open — unwalled flank
Smoothed initial terrain · ◌ = detected wall gap · hover for details
Inputs per minute
— Mc_Patatas - - f.correakusjanovic
Build order — Mc_Patatas
First 150 of 237 actions detected
| 0:09 | Research | Loom |
| 1:04 | Create | Villager (Male) |
| 1:04 | Create | Villager (Male) |
| 1:38 | Build | Lumber Camp |
| 1:43 | Create | Villager (Male) |
| 1:43 | Create | Villager (Male) |
| 2:11 | Create | Villager (Male) |
| 2:11 | Create | Villager (Male) |
| 2:39 | Create | Villager (Male) |
| 3:00 | Create | Villager (Male) |
| 3:00 | Create | Villager (Male) |
| 3:39 | Create | Villager (Male) |
| 3:39 | Create | Villager (Male) |
| 3:46 | Build | House |
| 4:23 | Create | Villager (Male) |
| 4:24 | Create | Villager (Male) |
| 4:38 | Build | Palisade Gate |
| 5:00 | Build | House |
| 5:04 | Create | Villager (Male) |
| 5:04 | Create | Villager (Male) |
| 5:05 | Create | Villager (Male) |
| 5:24 | Build | Palisade Wall |
| 5:37 | Build | Mill |
| 6:01 | Create | Villager (Male) |
| 6:01 | Create | Villager (Male) |
| 6:01 | Create | Villager (Male) |
| 6:02 | Create | Villager (Male) |
| 6:51 | Create | Villager (Male) |
| 6:51 | Create | Villager (Male) |
| 6:51 | Create | Villager (Male) |
| 6:51 | Create | Villager (Male) |
| 7:12 | Create | Villager (Male) |
| 7:12 | Create | Villager (Male) |
| 7:38 | Build | Mill |
| 7:50 | Build | Mining Camp |
| 8:30 | Research | Feudal Age |
| 8:58 | Build | House |
| 9:01 | Build | Palisade Wall |
| 9:28 | Build | House |
| 9:51 | Create | Villager (Male) |
| 9:52 | Create | Villager (Male) |
| 10:07 | Build | Barracks |
| 10:23 | Create | Villager (Male) |
| 10:40 | Age | Feudal Age |
| 10:59 | Build | Archery Range |
| 11:11 | Research | Double-Bit Axe |
| 11:29 | Create | Spearman |
| 11:29 | Create | Spearman |
| 11:47 | Build | House |
| 11:50 | Build | Palisade Wall |
| 11:54 | Create | Archer |
| 11:55 | Create | Archer |
| 11:55 | Create | Archer |
| 11:55 | Create | Archer |
| 12:12 | Research | Horse Collar |
| 12:30 | Create | Villager (Male) |
| 12:31 | Create | Villager (Male) |
| 12:31 | Create | Villager (Male) |
| 13:07 | Create | Archer |
| 13:07 | Create | Archer |
| 13:12 | Build | Farm |
| 13:13 | Build | Farm |
| 13:24 | Build | Lumber Camp |
| 13:36 | Create | Villager (Male) |
| 13:36 | Create | Villager (Male) |
| 14:27 | Build | Farm |
| 14:28 | Create | Archer |
| 14:28 | Create | Archer |
| 14:46 | Build | Archery Range |
| 14:52 | Create | Archer |
| 14:54 | Build | Farm |
| 14:55 | Create | Villager (Male) |
| 14:55 | Create | Villager (Male) |
| 14:56 | Create | Villager (Male) |
| 14:56 | Create | Villager (Male) |
| 15:05 | Build | Farm |
| 15:05 | Build | Farm |
| 15:05 | Build | Farm |
| 15:05 | Build | Farm |
| 15:06 | Build | Farm |
| 15:32 | Create | Archer |
| 15:32 | Create | Archer |
| 15:37 | Build | House |
| 15:42 | Build | Palisade Gate |
| 15:49 | Build | Farm |
| 15:52 | Build | Farm |
| 16:14 | Create | Skirmisher |
| 16:15 | Create | Skirmisher |
| 16:30 | Create | Archer |
| 16:31 | Create | Archer |
| 16:51 | Build | Watch Tower |
| 17:08 | Build | Farm |
| 17:08 | Build | Farm |
| 17:11 | Build | Farm |
| 17:12 | Create | Villager (Male) |
| 17:12 | Create | Villager (Male) |
| 17:13 | Create | Villager (Male) |
| 17:54 | Create | Archer |
| 17:55 | Create | Archer |
| 17:56 | Create | Archer |
| 17:56 | Create | Archer |
| 17:57 | Create | Archer |
| 18:06 | Create | Villager (Male) |
| 18:06 | Create | Villager (Male) |
| 18:09 | Build | House |
| 18:40 | Create | Archer |
| 18:43 | Create | Villager (Male) |
| 18:43 | Create | Villager (Male) |
| 19:10 | Create | Villager (Male) |
| 19:10 | Create | Villager (Male) |
| 19:19 | Build | Lumber Camp |
| 19:37 | Create | Archer |
| 19:37 | Create | Archer |
| 19:47 | Build | Farm |
| 19:55 | Build | Farm |
| 19:55 | Build | Farm |
| 19:55 | Build | Farm |
| 19:56 | Build | Farm |
| 19:56 | Build | Farm |
| 19:56 | Build | Farm |
| 19:56 | Build | Farm |
| 20:24 | Research | Wheelbarrow |
| 20:30 | Build | House |
| 20:38 | Build | House |
| 20:39 | Build | House |
| 20:55 | Create | Archer |
| 20:56 | Create | Archer |
| 21:47 | Build | Blacksmith |
| 23:02 | Build | Mining Camp |
| 23:06 | Build | House |
| 23:12 | Build | Palisade Wall |
| 23:14 | Create | Villager (Male) |
| 23:15 | Create | Villager (Male) |
| 23:15 | Create | Villager (Male) |
| 23:15 | Create | Villager (Male) |
| 23:19 | Research | Castle Age |
| 23:27 | Build | Mill |
| 23:28 | Build | Farm |
| 23:28 | Build | Farm |
| 23:28 | Build | Farm |
| 23:29 | Build | Farm |
| 23:29 | Build | Farm |
| 23:29 | Build | Farm |
| 23:29 | Build | Farm |
| 23:30 | Build | Farm |
| 23:33 | Create | Archer |
| 23:34 | Create | Archer |
| 23:34 | Create | Archer |
| 23:36 | Create | Archer |
| 23:36 | Create | Archer |
Build order — f.correakusjanovic
First 150 of 191 actions detected
| 0:02 | Create | Villager (Male) |
| 0:02 | Create | Villager (Male) |
| 0:02 | Create | Villager (Male) |
| 0:05 | Build | House |
| 0:09 | Build | House |
| 0:41 | Create | Villager (Male) |
| 1:32 | Create | Villager (Male) |
| 2:36 | Create | Villager (Male) |
| 2:36 | Create | Villager (Male) |
| 2:54 | Create | Villager (Male) |
| 3:20 | Create | Villager (Male) |
| 3:36 | Create | Villager (Male) |
| 4:04 | Build | House |
| 4:13 | Build | House |
| 4:28 | Create | Villager (Male) |
| 4:42 | Build | Lumber Camp |
| 4:49 | Build | Mill |
| 4:52 | Create | Villager (Male) |
| 5:07 | Build | House |
| 5:15 | Create | Villager (Male) |
| 5:42 | Create | Villager (Male) |
| 6:11 | Create | Villager (Male) |
| 6:22 | Build | Mill |
| 6:29 | Research | Loom |
| 6:48 | Create | Villager (Male) |
| 7:14 | Create | Villager (Male) |
| 8:29 | Research | Feudal Age |
| 8:43 | Build | Barracks |
| 8:46 | Create | Villager (Male) |
| 8:56 | Build | Mining Camp |
| 9:28 | Build | House |
| 10:11 | Create | Militia |
| 10:11 | Create | Militia |
| 10:15 | Create | Villager (Male) |
| 10:39 | Age | Feudal Age |
| 10:42 | Build | Archery Range |
| 10:43 | Create | Villager (Male) |
| 10:47 | Research | Man-at-Arms (upgrade) |
| 11:00 | Create | Militia |
| 11:02 | Create | Villager (Male) |
| 11:37 | Create | Villager (Male) |
| 11:40 | Create | Militia |
| 12:29 | Create | Archer |
| 12:31 | Create | Militia |
| 12:32 | Create | Villager (Male) |
| 12:36 | Build | House |
| 12:53 | Create | Villager (Male) |
| 12:58 | Build | Blacksmith |
| 13:01 | Create | Militia |
| 13:19 | Create | Archer |
| 13:25 | Create | Villager (Male) |
| 13:36 | Create | Villager (Male) |
| 13:50 | Create | Archer |
| 13:56 | Create | Villager (Male) |
| 14:01 | Build | Farm |
| 14:04 | Build | Farm |
| 14:10 | Build | House |
| 14:22 | Build | House |
| 15:02 | Create | Villager (Male) |
| 15:14 | Build | Market |
| 15:19 | Create | Villager (Male) |
| 15:20 | Build | Farm |
| 15:23 | Build | Farm |
| 15:39 | Build | House |
| 15:50 | Create | Villager (Male) |
| 15:54 | Build | Farm |
| 16:05 | Build | Farm |
| 16:05 | Create | Villager (Male) |
| 16:20 | Create | Skirmisher |
| 16:21 | Create | Skirmisher |
| 16:48 | Build | Farm |
| 16:49 | Create | Villager (Male) |
| 16:55 | Create | Skirmisher |
| 17:16 | Create | Villager (Male) |
| 17:35 | Build | Farm |
| 17:51 | Build | Farm |
| 17:52 | Build | Farm |
| 17:56 | Create | Villager (Male) |
| 18:05 | Create | Villager (Male) |
| 18:07 | Create | Skirmisher |
| 18:14 | Build | Gate |
| 19:15 | Build | Lumber Camp |
| 19:16 | Create | Villager (Male) |
| 19:25 | Build | House |
| 19:29 | Create | Archer |
| 19:29 | Create | Archer |
| 19:57 | Build | House |
| 20:32 | Build | House |
| 20:45 | Build | Farm |
| 20:45 | Build | Farm |
| 21:06 | Build | Stone Wall |
| 21:15 | Create | Villager (Male) |
| 22:13 | Build | Archery Range |
| 22:37 | Create | Archer |
| 22:38 | Create | Archer |
| 22:38 | Create | Archer |
| 22:52 | Create | Villager (Male) |
| 22:55 | Build | Farm |
| 23:27 | Build | Farm |
| 23:29 | Create | Archer |
| 23:43 | Research | Castle Age |
| 23:48 | Build | Barracks |
| 24:00 | Create | Archer |
| 24:11 | Research | Fletching |
| 24:25 | Build | Farm |
| 24:29 | Build | Farm |
| 24:46 | Create | Archer |
| 24:46 | Create | Villager (Male) |
| 24:49 | Create | Skirmisher |
| 24:49 | Create | Skirmisher |
| 25:01 | Build | House |
| 25:02 | Build | House |
| 25:04 | Build | House |
| 25:11 | Create | Militia |
| 25:11 | Create | Militia |
| 25:17 | Create | Archer |
| 25:41 | Create | Villager (Male) |
| 25:51 | Build | Barracks |
| 26:02 | Create | Militia |
| 26:04 | Create | Villager (Male) |
| 26:14 | Create | Skirmisher |
| 26:20 | Create | Skirmisher |
| 26:23 | Create | Skirmisher |
| 26:23 | Age | Castle Age |
| 26:26 | Create | Skirmisher |
| 26:28 | Create | Villager (Male) |
| 26:41 | Create | Villager (Male) |
| 27:11 | Build | Siege Workshop |
| 27:12 | Create | Villager (Male) |
| 27:18 | Build | House |
| 27:24 | Research | Long Swordsman (upgrade) |
| 27:30 | Build | Farm |
| 27:44 | Build | House |
| 27:46 | Create | Villager (Male) |
| 27:56 | Build | Mining Camp |
| 28:03 | Build | Farm |
| 28:16 | Build | Farm |
| 28:25 | Research | Elite Skirmisher (upgrade) |
| 28:31 | Create | Militia |
| 28:31 | Create | Militia |
| 28:34 | Build | House |
| 28:54 | Research | Double-Bit Axe |
| 28:55 | Create | Villager (Male) |
| 28:55 | Create | Villager (Male) |
| 29:11 | Create | Militia |
| 29:41 | Create | Villager (Male) |
| 29:42 | Create | Villager (Male) |
| 30:02 | Create | Battering Ram |
| 30:05 | Create | Villager (Male) |
| 30:15 | Create | Militia |
Build order — Spectreassassin
First 150 of 168 actions detected
| 0:01 | Create | Villager (Male) |
| 0:01 | Create | Villager (Male) |
| 0:02 | Create | Villager (Male) |
| 0:02 | Create | Villager (Male) |
| 0:02 | Create | Villager (Male) |
| 0:04 | Build | House |
| 0:06 | Build | House |
| 1:34 | Create | Villager (Male) |
| 1:35 | Create | Villager (Male) |
| 1:52 | Build | Lumber Camp |
| 2:17 | Create | Villager (Male) |
| 2:18 | Create | Villager (Male) |
| 2:18 | Create | Villager (Male) |
| 2:54 | Build | House |
| 3:02 | Build | House |
| 3:10 | Create | Villager (Male) |
| 4:11 | Create | Villager (Male) |
| 4:12 | Create | Villager (Male) |
| 4:12 | Create | Villager (Male) |
| 4:12 | Create | Villager (Male) |
| 4:41 | Build | Mill |
| 5:53 | Create | Villager (Male) |
| 5:53 | Create | Villager (Male) |
| 5:53 | Create | Villager (Male) |
| 5:54 | Create | Villager (Male) |
| 6:07 | Create | Villager (Male) |
| 6:07 | Create | Villager (Male) |
| 6:53 | Build | Palisade Wall |
| 7:32 | Create | Villager (Male) |
| 7:49 | Build | Barracks |
| 8:27 | Research | Feudal Age |
| 9:11 | Build | Mining Camp |
| 9:19 | Create | Militia |
| 9:20 | Create | Militia |
| 9:20 | Create | Militia |
| 9:20 | Create | Militia |
| 9:27 | Create | Militia |
| 10:28 | Build | House |
| 10:30 | Build | House |
| 10:48 | Create | Militia |
| 10:58 | Age | Feudal Age |
| 11:37 | Research | Man-at-Arms (upgrade) |
| 11:40 | Create | Militia |
| 12:36 | Create | Villager (Male) |
| 12:37 | Create | Villager (Male) |
| 12:37 | Create | Villager (Male) |
| 12:44 | Build | Farm |
| 12:44 | Build | Farm |
| 12:44 | Build | Farm |
| 12:44 | Build | Farm |
| 12:45 | Build | Farm |
| 12:45 | Build | Farm |
| 12:45 | Build | Farm |
| 12:46 | Build | Farm |
| 12:51 | Create | Militia |
| 12:51 | Create | Militia |
| 12:51 | Create | Militia |
| 13:44 | Build | Watch Tower |
| 14:24 | Create | Spearman |
| 14:25 | Create | Spearman |
| 14:30 | Create | Militia |
| 14:30 | Create | Militia |
| 15:27 | Build | Farm |
| 15:30 | Build | Farm |
| 15:40 | Build | Stone Wall |
| 15:57 | Build | Farm |
| 15:59 | Build | Farm |
| 16:09 | Create | Villager (Male) |
| 16:10 | Create | Villager (Male) |
| 16:10 | Create | Villager (Male) |
| 16:10 | Create | Villager (Male) |
| 16:12 | Create | Villager (Male) |
| 17:00 | Create | Villager (Male) |
| 17:01 | Create | Villager (Male) |
| 17:01 | Create | Villager (Male) |
| 17:01 | Create | Villager (Male) |
| 17:15 | Build | House |
| 17:16 | Build | House |
| 19:21 | Create | Villager (Male) |
| 19:22 | Create | Villager (Male) |
| 19:22 | Create | Villager (Male) |
| 19:22 | Create | Villager (Male) |
| 19:27 | Build | House |
| 19:27 | Build | House |
| 19:28 | Build | House |
| 19:28 | Build | House |
| 19:28 | Build | House |
| 19:28 | Build | House |
| 19:30 | Build | House |
| 19:31 | Build | House |
| 20:25 | Create | Militia |
| 20:25 | Create | Militia |
| 20:25 | Create | Militia |
| 20:26 | Create | Militia |
| 20:32 | Build | Farm |
| 20:32 | Build | Farm |
| 20:32 | Build | Farm |
| 20:33 | Build | Farm |
| 20:34 | Build | Farm |
| 21:04 | Create | Militia |
| 21:04 | Create | Militia |
| 21:04 | Create | Militia |
| 21:04 | Create | Militia |
| 21:05 | Create | Militia |
| 21:39 | Research | Double-Bit Axe |
| 21:44 | Research | Horse Collar |
| 21:53 | Build | House |
| 21:54 | Build | House |
| 21:55 | Build | House |
| 21:55 | Build | House |
| 21:55 | Build | House |
| 22:10 | Create | Militia |
| 22:41 | Create | Spearman |
| 22:41 | Create | Spearman |
| 22:42 | Create | Spearman |
| 23:06 | Build | Blacksmith |
| 23:41 | Build | House |
| 23:42 | Build | House |
| 24:15 | Create | Villager (Male) |
| 24:15 | Create | Villager (Male) |
| 24:15 | Create | Villager (Male) |
| 24:17 | Create | Villager (Male) |
| 24:17 | Create | Villager (Male) |
| 24:17 | Create | Villager (Male) |
| 24:17 | Create | Villager (Male) |
| 24:18 | Create | Villager (Male) |
| 24:59 | Create | Villager (Male) |
| 25:05 | Build | Lumber Camp |
| 25:35 | Build | House |
| 25:36 | Build | House |
| 25:47 | Create | Spearman |
| 25:47 | Create | Spearman |
| 25:47 | Create | Spearman |
| 26:10 | Create | Villager (Male) |
| 26:10 | Create | Villager (Male) |
| 27:19 | Research | Scale Mail Armor |
| 27:24 | Create | Spearman |
| 27:25 | Create | Spearman |
| 28:04 | Build | Farm |
| 28:29 | Build | Market |
| 29:27 | Create | Spearman |
| 29:28 | Create | Spearman |
| 29:28 | Create | Spearman |
| 29:29 | Create | Spearman |
| 29:30 | Create | Spearman |
| 29:31 | Create | Spearman |
| 30:17 | Create | Villager (Male) |
| 30:17 | Create | Villager (Male) |
| 30:17 | Create | Villager (Male) |
| 31:08 | Create | Villager (Male) |
Build order — sebacorreakusjanovic
148 actions detected in the replay
| 0:01 | Create | Villager (Male) |
| 0:01 | Create | Villager (Male) |
| 0:01 | Create | Villager (Male) |
| 0:03 | Build | House |
| 0:05 | Build | House |
| 0:50 | Create | Villager (Male) |
| 1:01 | Create | Villager (Male) |
| 1:33 | Create | Villager (Male) |
| 2:51 | Create | Villager (Male) |
| 3:15 | Create | Villager (Male) |
| 3:32 | Create | Villager (Male) |
| 3:50 | Create | Villager (Male) |
| 4:15 | Create | Villager (Male) |
| 4:19 | Build | House |
| 4:53 | Build | Mill |
| 5:04 | Create | Villager (Male) |
| 5:31 | Create | Villager (Male) |
| 6:05 | Create | Villager (Male) |
| 6:17 | Build | Lumber Camp |
| 6:37 | Create | Villager (Male) |
| 6:58 | Research | Feudal Age |
| 8:01 | Build | House |
| 8:09 | Build | Barracks |
| 9:05 | Age | Feudal Age |
| 9:12 | Create | Villager (Male) |
| 9:30 | Build | Stable |
| 9:53 | Create | Villager (Male) |
| 9:53 | Create | Villager (Male) |
| 10:12 | Build | Mill |
| 10:29 | Build | Blacksmith |
| 10:40 | Create | Villager (Male) |
| 10:46 | Create | Scout Cavalry |
| 10:46 | Create | Scout Cavalry |
| 10:47 | Create | Scout Cavalry |
| 10:47 | Create | Scout Cavalry |
| 10:51 | Build | House |
| 11:13 | Create | Villager (Male) |
| 11:34 | Research | Forging |
| 11:39 | Build | Farm |
| 12:17 | Create | Villager (Male) |
| 12:46 | Create | Villager (Male) |
| 12:59 | Create | Villager (Male) |
| 13:01 | Build | Archery Range |
| 13:41 | Create | Villager (Male) |
| 13:44 | Create | Archer |
| 13:44 | Create | Archer |
| 13:48 | Build | House |
| 14:13 | Create | Villager (Male) |
| 14:20 | Create | Villager (Male) |
| 14:25 | Build | Mining Camp |
| 15:04 | Create | Villager (Male) |
| 15:07 | Build | Farm |
| 15:09 | Build | Farm |
| 15:27 | Create | Villager (Male) |
| 15:30 | Build | Farm |
| 15:51 | Build | Farm |
| 16:07 | Create | Villager (Male) |
| 16:12 | Build | House |
| 16:32 | Build | Farm |
| 16:44 | Build | Farm |
| 17:00 | Build | Farm |
| 17:08 | Build | Farm |
| 17:16 | Create | Villager (Male) |
| 17:44 | Build | Farm |
| 17:46 | Build | Farm |
| 17:53 | Build | Farm |
| 17:54 | Create | Villager (Male) |
| 18:15 | Create | Villager (Male) |
| 18:40 | Create | Villager (Male) |
| 18:42 | Build | Farm |
| 19:34 | Research | Castle Age |
| 19:47 | Create | Archer |
| 19:47 | Create | Archer |
| 19:51 | Build | House |
| 20:18 | Build | Mining Camp |
| 20:35 | Build | House |
| 21:17 | Research | Horse Collar |
| 21:24 | Create | Skirmisher |
| 21:59 | Age | Castle Age |
| 22:03 | Build | Stable |
| 22:08 | Create | Villager (Male) |
| 22:10 | Create | Knight |
| 22:10 | Create | Knight |
| 22:10 | Create | Knight |
| 22:10 | Create | Knight |
| 22:16 | Build | Siege Workshop |
| 22:37 | Create | Villager (Male) |
| 22:38 | Create | Villager (Male) |
| 22:38 | Create | Villager (Male) |
| 22:38 | Create | Villager (Male) |
| 22:42 | Research | Double-Bit Axe |
| 23:02 | Create | Knight |
| 23:03 | Create | Knight |
| 23:09 | Create | Knight |
| 23:12 | Create | Scorpion |
| 23:12 | Create | Scorpion |
| 23:15 | Build | House |
| 23:42 | Create | Villager (Male) |
| 23:50 | Create | Villager (Male) |
| 23:58 | Build | Farm |
| 24:01 | Create | Villager (Male) |
| 24:31 | Create | Villager (Male) |
| 24:45 | Create | Villager (Male) |
| 24:50 | Create | Knight |
| 25:02 | Build | House |
| 26:13 | Create | Villager (Male) |
| 26:25 | Create | Knight |
| 26:28 | Create | Knight |
| 26:30 | Create | Knight |
| 26:30 | Create | Knight |
| 27:02 | Build | House |
| 27:07 | Create | Villager (Male) |
| 27:26 | Build | Castle |
| 27:36 | Create | Villager (Male) |
| 27:41 | Create | Knight |
| 27:41 | Create | Knight |
| 27:55 | Build | House |
| 27:56 | Build | House |
| 28:02 | Build | Town Center |
| 28:24 | Create | Villager (Male) |
| 28:36 | Create | Knight |
| 28:36 | Create | Knight |
| 29:46 | Create | Villager (Male) |
| 29:50 | Create | Mangonel |
| 30:24 | Create | Knight |
| 31:20 | Create | Villager (Male) |
| 31:20 | Create | Villager (Male) |
| 32:17 | Create | Villager (Male) |
| 32:56 | Build | Siege Workshop |
| 33:10 | Create | Villager (Male) |
| 33:10 | Create | Villager (Male) |
| 33:40 | Build | Castle |
| 33:55 | Create | Villager (Male) |
| 33:57 | Create | Villager (Male) |
| 34:01 | Create | Villager (Male) |
| 34:04 | Create | Villager (Male) |
| 34:05 | Create | Villager (Male) |
| 34:05 | Create | Villager (Male) |
| 34:52 | Create | Villager (Male) |
| 34:54 | Create | Villager (Male) |
| 34:56 | Research | Scale Barding Armor |
| 35:41 | Create | War Elephant |
| 35:47 | Create | Villager (Male) |
| 35:51 | Build | Farm |
| 35:55 | Build | Farm |
| 35:57 | Build | Farm |
| 36:06 | Build | Farm |
| 36:08 | Create | Villager (Male) |
Match timeline
| 5:24 | Mc_Patatas · wall_segment Palisade Wall x4 |
| 6:53 | Spectreassassin · wall_segment Palisade Wall x1 |
| 7:49 | Spectreassassin · first_building Barracks |
| 8:09 | sebacorreakusjanovic · first_building Barracks |
| 8:43 | f.correakusjanovic · first_building Barracks |
| 9:01 | Mc_Patatas · wall_segment Palisade Wall x1 |
| 9:05 | sebacorreakusjanovic · age_up feudal |
| 9:30 | sebacorreakusjanovic · first_building Stable |
| 10:07 | Mc_Patatas · first_building Barracks |
| 10:39 | f.correakusjanovic · age_up feudal |
| 10:40 | Mc_Patatas · age_up feudal |
| 10:42 | f.correakusjanovic · first_building Archery Range |
| 10:58 | Spectreassassin · age_up feudal |
| 10:59 | Mc_Patatas · first_building Archery Range |
| 11:50 | Mc_Patatas · wall_segment Palisade Wall x5 |
| 13:01 | sebacorreakusjanovic · first_building Archery Range |
| 15:40 | Spectreassassin · wall_segment Stone Wall x14 |
| 21:06 | f.correakusjanovic · wall_segment Stone Wall x1 |
| 21:59 | sebacorreakusjanovic · age_up castle |
| 22:16 | sebacorreakusjanovic · first_building Siege Workshop |
| 23:12 | Mc_Patatas · wall_segment Palisade Wall x10 |
| 23:45 | Mc_Patatas · first_building Stable |
| 24:25 | Mc_Patatas · wall_segment Palisade Wall x5 |
| 25:59 | Mc_Patatas · age_up castle |
| 26:23 | f.correakusjanovic · age_up castle |
| 27:11 | f.correakusjanovic · first_building Siege Workshop |
| 27:26 | sebacorreakusjanovic · first_building Castle |
| 28:14 | f.correakusjanovic · first_market_buy 100 wood |
| 31:21 | Spectreassassin · first_market_sell 500 wood |
| 31:25 | Spectreassassin · first_market_buy 100 stone |
| 31:56 | Mc_Patatas · tribute_sent a jugador 1 |
| 31:56 | Mc_Patatas · tribute_sent a jugador 2 |
| 31:56 | Mc_Patatas · tribute_sent a jugador 3 |
| 33:09 | Mc_Patatas · first_building Castle |
| 35:02 | Spectreassassin · age_up castle |
| 35:24 | f.correakusjanovic · first_building Castle |
| 36:31 | Mc_Patatas · resign |
[ AI ANALYSIS · 1 CREDIT ]
What really happened in this match?
Wolo.gg analyzes every decision: build order, eco, micro, common mistakes by bracket. Personalized analysis on WhatsApp or Discord in 30 seconds.
Civ guide
Chinese
Map guide
Arabia
Perfil
Mc_Patatas